 Dungeon Crawl Stone Soup version 0.28.0-43-g3370ac3207 (webtiles) character file.

Game seed: 14880655583648665197

214 Ablot the Grasshopper (level 5, -1/43 HPs)
             Began as a Gnoll Warper on Mar 1, 2022.
             Killed from afar by Ijyb (5 damage)
             ... with a puff of flame
             ... on level 3 of the Dungeon.
             The game lasted 00:03:54 (2835 turns).

Ablot the Grasshopper (Gnoll Warper)                Turns: 2835, Time: 00:03:54

Health: -1/43      AC:  3    Str: 12    XL:     5   Next: 92%
Magic:  21/21      EV: 13    Int: 12    God:
Gold:   136        SH:  0    Dex: 12    Spells: 10/14 levels left

rFire   . . .      SeeInvis .   s - +2 short sword (speed)
rCold   . . .      Faith    .   (no shield)
rNeg    . . .      Spirit   .   b - +0 leather armour
rPois   .          Reflect  .   (no helmet)
rElec   .          Harm     .   (no cloak)
rCorr   .          Rampage  .   (no gloves)
Will    .....                   (no boots)
Stlth   ++........              (no amulet)
HPRegen 0.14/turn               h - ring of magical power
MPRegen 0.17/turn               (no ring)

@: no status effects
A: fangs 1, strong nose, distributed training
a: no special abilities


You were on level 3 of the Dungeon.
You visited 1 branch of the dungeon, and saw 3 of its levels.

You collected 136 gold pieces.

Inventory:

Hand Weapons
 a - a +0 spear
 r - a +2 vorpal hunting sling
 s - a +2 short sword of speed (weapon)
Missiles
 d - 5 boomerangs of dispersal
 e - 14 stones (quivered)
Armour
 b - a +0 leather armour (worn)
Jewellery
 h - a ring of magical power (left hand)
Scrolls
 c - a scroll of blinking
 g - a scroll of teleportation {unknown}
 j - a scroll of identify {unknown}
 m - a scroll of vulnerability {unknown}
 q - a scroll of magic mapping {unknown}
Potions
 f - a potion of mutation {unknown}
 i - a potion of curing {unknown}
 k - a potion of lignification {unknown}
 l - a potion of cancellation {unknown}
 n - a potion of degeneration {unknown}
 o - a potion of might {unknown}
 p - 2 potions of brilliance {unknown}
 t - a potion of heal wounds {unknown}


   Skills:
 + Level 4.9 Fighting
 + Level 1.7 Short Blades
 + Level 1.7 Long Blades
 + Level 1.7 Axes
 + Level 1.7 Maces & Flails
 + Level 4.9 Polearms
 + Level 1.7 Staves
 + Level 1.7 Slings
 + Level 1.7 Bows
 + Level 1.7 Crossbows
 + Level 3.1 Throwing
 + Level 3.1 Armour
 + Level 4.9 Dodging
 + Level 1.7 Stealth
 + Level 1.7 Shields
 + Level 1.7 Unarmed Combat
 + Level 5.2 Spellcasting
 + Level 1.3 Conjurations
 + Level 1.3 Hexes
 + Level 1.3 Summonings
 + Level 1.3 Necromancy
 + Level 5.6 Translocations
 + Level 1.3 Transmutations
 + Level 1.3 Fire Magic
 + Level 1.3 Ice Magic
 + Level 1.3 Air Magic
 + Level 1.3 Earth Magic
 + Level 1.3 Poison Magic
 + Level 1.9 Invocations
 + Level 1.7 Evocations


You had 10 spell levels left.
You knew the following spells:

 Your Spells              Type           Power      Damage    Failure   Level
a - Blink                 Tloc           32%        N/A       3%          2
b - Ensorcelled Hibernat  Hex/Ice        12%        N/A       22%         2

Your spell library contained the following spells:

 Spells                   Type           Power      Damage    Failure   Level
 Gell's Gravitas          Tloc           16%        N/A       8%          3
 Lesser Beckoning         Tloc           16%        N/A       8%          3
 Teleport Other           Tloc           16%        N/A       8%          3
 Portal Projectile        Hex/Tloc       22%        N/A       19%         3
 Call Canine Familiar     Summ           6%         N/A       38%         3
 Spider Form              Tmut/Pois      6%         N/A       38%         3
 Manifold Assault         Tloc           16%        N/A       56%         5
 Anguish                  Hex/Necr       3%         N/A       80%         4
 Leda's Liquefaction      Hex/Erth       3%         N/A       80%         4


Dungeon Overview and Level Annotations

Branches:
Dungeon (3/15)

Altars:
Trog

Annotations:
D:3 Ijyb


Innate Abilities, Weirdness & Mutations

You have very sharp teeth.
Your uncanny sense of smell can sniff out nearby items.
Your experience applies equally to all skills.


Message History

Ijyb hits you but does no damage.
You hit Ijyb but do no damage.
Ijyb is heavily wounded.
You hit Ijyb but do no damage.
Ijyb is heavily wounded.
Ijyb zaps a wand.
The puff of flame misses you.
You closely miss Ijyb.
Ijyb is heavily wounded.
Ijyb misses you.
You hit Ijyb.
Ijyb is severely wounded.
You hit Ijyb but do no damage.
Ijyb is severely wounded.
Ijyb hits you with a +0 club.
You hit Ijyb but do no damage.
Ijyb is severely wounded.
You hit Ijyb but do no damage.
Ijyb is severely wounded.
Ijyb zaps a wand.
The puff of flame hits you.
You hit Ijyb but do no damage.
Ijyb is severely wounded.
Ijyb misses you.
You hit Ijyb but do no damage. You bite Ijyb, but do no damage.
Ijyb is severely wounded.
Ijyb barely misses you.
You hit Ijyb but do no damage.
Ijyb is severely wounded.
You closely miss Ijyb.
Ijyb is severely wounded.
Ijyb zaps a wand.
The puff of flame hits you!
* * * LOW HITPOINT WARNING * * *
You barely miss Ijyb.
Ijyb is severely wounded.
Ijyb misses you.
You hit Ijyb but do no damage.
Ijyb is severely wounded.
You hit Ijyb but do no damage. You bite Ijyb, but do no damage.
Ijyb is severely wounded.
Ijyb zaps a wand.
The puff of flame hits you.
You die...

#........ #........
#........ #........
#........ ###.....#
#### #.......#
##..#########@..#
#..#.........#g.#
####..#.≈≈≈≈≈≈§.#..#
......#≈..≈≈≈.§§#..#
####..#≈.≈)..≈.≈#..#
...#..#≈†≈._.≈.≈#..#
##.#.##≈.≈§.§§.≈#..#
......#≈.§§≈≈..≈#..#
.#.#.##.≈§≈≈§≈≈§#


You could see Ijyb.

Vanquished Creatures
  Sigmund (D:2)
  Terence (D:2)
  A gnoll (D:1)
  4 dart slugs
  4 ball pythons (D:1)
  2 giant cockroaches
  3 goblins
  2 hobgoblins (D:1)
  4 kobolds
  A quokka (D:1)
  A bat (D:1)
  4 frilled lizards
  2 rats
30 creatures vanquished.

Notes
Turn   | Place    | Note
-------+----------+-------------------------------------------
     0 | D:1      | Ablot the Gnoll Warper began the quest for the Orb.
     0 | D:1      | Reached XP level 1. HP: 20/20 MP: 6/6
    77 | D:1      | Reached XP level 2. HP: 3/26 MP: 7/7
   385 | D:1      | Learned a level 2 spell: Blink
   663 | D:1      | Reached XP level 3. HP: 12/31 MP: 9/9
   964 | D:1      | Reached skill level 5 in Spellcasting
  1484 | D:2      | Reached skill level 1 in Invocations
  1502 | D:2      | Noticed Sigmund
  1841 | D:2      | Killed Sigmund
  1842 | D:2      | Reached skill level 1 in Short Blades
  1842 | D:2      | Reached skill level 1 in Long Blades
  1842 | D:2      | Reached skill level 1 in Axes
  1842 | D:2      | Reached skill level 1 in Maces & Flails
  1842 | D:2      | Reached skill level 1 in Staves
  1842 | D:2      | Reached skill level 1 in Slings
  1842 | D:2      | Reached skill level 1 in Bows
  1842 | D:2      | Reached skill level 1 in Crossbows
  1842 | D:2      | Reached skill level 1 in Stealth
  1842 | D:2      | Reached skill level 1 in Shields
  1842 | D:2      | Reached skill level 1 in Unarmed Combat
  1842 | D:2      | Reached skill level 1 in Conjurations
  1842 | D:2      | Reached skill level 1 in Hexes
  1842 | D:2      | Reached skill level 1 in Summonings
  1842 | D:2      | Reached skill level 1 in Necromancy
  1842 | D:2      | Reached skill level 1 in Transmutations
  1842 | D:2      | Reached skill level 1 in Fire Magic
  1842 | D:2      | Reached skill level 1 in Ice Magic
  1842 | D:2      | Reached skill level 1 in Air Magic
  1842 | D:2      | Reached skill level 1 in Earth Magic
  1842 | D:2      | Reached skill level 1 in Poison Magic
  1842 | D:2      | Reached skill level 1 in Evocations
  1842 | D:2      | Reached XP level 4. HP: 4/38 MP: 11/11
  1842 | D:2      | Reached XP level 5. HP: 5/43 MP: 12/12
  2212 | D:2      | Noticed Terence
  2580 | D:2      | Found a faded altar of an unknown god.
  2597 | D:2      | Learned a level 2 spell: Ensorcelled Hibernation
  2670 | D:2      | Killed Terence
  2776 | D:3      | Found a bloodstained altar of Trog.
  2794 | D:3      | Noticed Ijyb
  2835 | D:3      | Killed from afar by Ijyb

Illustrated notes

Levels and vault maps discovered:
D:1:      mrwooster_arrival_statue_3, layout_basic
D:2:      layout_rooms, basic_ecumenical_altar, mrwooster_statue_mirror,
          uniq_terence, uniq_sigmund
D:3:      layout_basic, nicolae_overflow_crystal_walls,
          mainiacjoe_overflow_paths, serial_shops, shop,
          minmay_misc_feat_enclosed, grunt_decor_junction, uniq_robin,
          uniq_jessica, uniq_ijyb

Skill      XL: |  1  2  3 |
---------------+----------+-----
Spellcasting   | 5 |  5.2
Invocations    | 1 |  1.9
Short Blades   | 1 |  1.7
Long Blades    | 1 |  1.7
Axes           | 1 |  1.7
Maces & Flails | 1 |  1.7
Staves         | 1 |  1.7
Slings         | 1 |  1.7
Bows           | 1 |  1.7
Crossbows      | 1 |  1.7
Throwing       | 3 |  3.1
Armour         | 3 |  3.1
Stealth        | 1 |  1.7
Shields        | 1 |  1.7
Unarmed Combat | 1 |  1.7
Conjurations   | 1 |  1.3
Hexes          | 1 |  1.3
Summonings     | 1 |  1.3
Necromancy     | 1 |  1.3
Transmutations | 1 |  1.3
Fire Magic     | 1 |  1.3
Ice Magic      | 1 |  1.3
Air Magic      | 1 |  1.3
Earth Magic    | 1 |  1.3
Poison Magic   | 1 |  1.3
Evocations     | 1 |  1.7
Fighting       | |  4.9
Polearms       | |  4.9
Dodging        | |  4.9
Translocations | |  5.6

Action                   |  1- 3 |  4- 6 || total
-------------------------+-------+-------++-------
Melee: Spear             |   116 |     9 ||   125
       Bite              |     7 |     6 ||    13
       Punch             |     1 |       ||     1
       Short sword       |       |    44 ||    44
 Fire: Hunting sling     |       |    12 ||    12
Throw: Stone             |     4 |       ||     4
 Cast: Blink             |       |     5 ||     5
 Stab: Sleeping          |       |     1 ||     1
Armor: Leather armour    |     9 |     6 ||    15
Dodge: Dodged            |    59 |    19 ||    78
